 Dungeon Crawl Stone Soup version 0.29-a0-352-g0917bc69df (webtiles) character file.

Game seed: 17138824466283892916

25765 MirrMurr the Covert (level 12, -5/58 HPs)
             Began as a Spriggan Enchanter on Apr 24, 2022.
             Was an Elder of Dithmenos.
             Killed from afar by a rime drake (18 damage)
             ... with a flash freeze
             ... on level 10 of the Dungeon.
             The game lasted 00:41:21 (18439 turns).

MirrMurr the Covert (Spriggan Enchanter)           Turns: 18439, Time: 00:41:21

Health: -5/58      AC:  8    Str:  8    XL:     12   Next: 92%
Magic:  3/22       EV: 24    Int: 17    God:    Dithmenos [****..]
Gold:   863        SH: 15    Dex: 16    Spells: 5/20 levels left

rFire   . . .      SeeInvis +   a - +6 dagger (elec)
rCold   + . .      Faith    .   t - +2 buckler {AC+3}
rNeg    . . .      Spirit   .   m - +2 robe {rC+}
rPois   .          Reflect  +   (helmet restricted)
rElec   .          Harm     .   K - +0 cloak
rCorr   +          Rampage  .   (gloves unavailable)
Will    +++..                   (boots unavailable)
Stlth   ++++++++..              s - amulet of reflection
HPRegen 0.19/turn               v - ring of willpower
MPRegen 0.18/turn               G - ring of resist corrosion

@: wreathed by umbra, very quick
A: very small, no large weapons, unfitting armour, see invisible, speed 3
a: Renounce Religion, Shadow Step


You were on level 10 of the Dungeon.
You worshipped Dithmenos.
Dithmenos was greatly pleased with you.
You visited 3 branches of the dungeon, and saw 13 of its levels.

You collected 863 gold pieces.

Inventory:

Hand Weapons
 a - a +6 dagger of electrocution (weapon)
 b - a +8 quick blade of flaming
Missiles
 n - 284 stones (quivered)
 p - 21 boomerangs
 u - 31 poisoned darts
 M - 4 throwing nets
Armour
 m - a +2 robe of cold resistance (worn)
 t - a +2 buckler of protection (worn)
 K - a +0 cloak (worn)
Jewellery
 r - a ring of fire
 s - an amulet of reflection (around neck)
 v - a ring of willpower (left hand)
 E - a ring of protection from cold
 G - a ring of resist corrosion (right hand)
Wands
 e - a wand of flame (37)
 h - a wand of paralysis (13)
 l - a wand of iceblast (39)
 A - a wand of acid (2)
 D - a wand of digging (7)
 F - a wand of mindburst (2)
 N - a wand of polymorph (8)
Scrolls
 i - a scroll of summoning
 q - a scroll of vulnerability
 y - 5 scrolls of teleportation
 H - 2 scrolls of fear
Potions
 c - a potion of invisibility
 d - 2 potions of ambrosia
 f - 2 potions of cancellation
 g - 4 potions of mutation
 j - 3 potions of flight
 k - 2 potions of lignification
 o - 3 potions of haste
 w - 2 potions of curing
 x - 2 potions of heal wounds
 z - a potion of might
 B - a potion of resistance {unknown}
 C - 2 potions of magic {unknown}
 I - a potion of brilliance
 J - a potion of degeneration {unknown}


   Skills:
 + Level 4.5 Fighting
 - Level 8.0 Short Blades
 - Level 12.0 Dodging
 - Level 12.0 Stealth
 - Level 7.2 Shields
 + Level 4.9 Spellcasting
 - Level 8.0 Hexes
 - Level 12.0 Invocations


You had 5 spell levels left.
You knew the following spells:

 Your Spells              Type           Power      Damage    Failure   Level
a - Ensorcelled Hibernat  Hex/Ice        34%        N/A       8%          2
b - Confusing Touch       Hex            31%        N/A       3%          3
c - Tukima's Dance        Hex            31%        N/A       3%          3
d - Dazzling Flash        Conj/Hex       34%        N/A       16%         3
B - Blink                 Tloc           8%         N/A       36%         2
P - Passwall              Tmut/Erth      3%         N/A       36%         2

Your spell library contained the following spells:

 Spells                   Type           Power      Damage    Failure   Level
 Animate Skeleton         Necr           8%         N/A       26%         1
 Apportation              Tloc           8%         N/A       26%         1
 Freeze                   Ice            16%        1d4       26%         1
 Summon Small Mammal      Summ           16%        N/A       26%         1
 Sublimation of Blood     Necr           4%         N/A       36%         2
 Conjure Flame            Conj/Fire      4%         6-21      61%         3
 Frozen Ramparts          Ice            8%         1d2       61%         3
 Ignite Poison            Fire/Tmut/Pois 4%         N/A       61%         3
 Lesser Beckoning         Tloc           4%         N/A       61%         3
 Swiftness                Air            4%         N/A       61%         3
 Animate Dead             Necr           2%         N/A       95%         4
 Hailstorm                Conj/Ice       4%         3d4       95%         4
 Ice Form                 Ice/Tmut       4%         N/A       95%         4
 Iskenderun's Mystic Bla  Conj/Tloc      4%         2d3       95%         4
 Olgreb's Toxic Radiance  Pois           4%         N/A       95%         4
 Petrify                  Tmut/Erth      4%         N/A       95%         4
 Sticky Flame             Conj/Fire      4%         2d3       95%         4
 Irradiate                Conj/Tmut      2%         3d14      100%        5
 Manifold Assault         Tloc           4%         N/A       100%        5
 Simulacrum               Ice/Necr       2%         N/A       100%        6
 Starburst                Conj/Fire      2%         6d3       100%        6
 Haunt                    Necr/Summ      2%         N/A       100%        7
 Ozocubu's Refrigeration  Ice            2%         4d5       100%        7
 Ignition                 Fire           2%         3d3       100%        8
 Infestation              Necr           2%         N/A       100%        8


Dungeon Overview and Level Annotations

Branches:
Dungeon (11/15)            Temple (1/1) D:7            Lair (1/6) D:10
    Orc: D:9-12

Altars:
Ashenzari
Cheibriados
Dithmenos
Elyvilon
Fedhas
Gozag
Hepliaklqana
Kikubaaqudgha
Makhleb
Nemelex Xobeh
Okawaru
Qazlal
Ru
Sif Muna
Trog
Uskayaw
Vehumet
Wu Jian
Xom
Yredelemnul
Zin
The Shining One

Annotations:
D:3 Jessica


Innate Abilities, Weirdness & Mutations

You are very small and have problems with some larger weapons.
You are too small for most types of armour.
You have supernaturally acute eyesight. (SInv)
You cover ground extremely quickly. (Speed+++)


Message History

You climb upwards.
Welcome back to the Dungeon!
There is a staircase to the Lair, spattered with blood here.
Things that are here:
a +0 robe; a +0 dagger You barely miss the rime drake.
You block the wolf's attack. x2
You barely miss the rime drake. The rime drake closely misses you.
You block the wolf's attack.
You hit the rime drake.
The rime drake is lightly wounded.
The rime drake bites you but does no damage.
You block the wolf's attack.
You completely miss the rime drake.
The rime drake is lightly wounded.
The ice encasing you melts away. The wolf barely misses you.
The rime drake breathes ice at you. The flash freeze hits you!
You partially resist.
You are encased in ice.
You hit the rime drake but do no damage.
The rime drake is lightly wounded.
Your shadow hits the rime drake but does no damage.
The wolf bites you but does no damage. The rime drake barely misses you.
You hit the rime drake.
The rime drake is lightly wounded.
The wolf misses you. The wolf completely misses you.
You closely miss the rime drake.
The rime drake is lightly wounded.
Your shadow completely misses the rime drake.
You block the rime drake's attack. The wolf bites you!
* * * LOW HITPOINT WARNING * * *
You hit the rime drake.
The rime drake is moderately wounded.
The rime drake misses you. You block the wolf's attack.
Unknown command.
Unknown command.
The wolf attacks as you move away! You block the wolf's attack.
The ice encasing you melts away. The rime drake breathes ice at you.
The flash freeze hits you!! You partially resist.
You die...

######.......P.PP..P...#.....#..#
.......<..).....[P.....#.....#..#
#.##..#.#..P.P..P...........##...
............P..P....P.>...###....
####.#...P................##...(#
.†<#.#....P......P........#...###
.###†#....................#......
.....#..............P.....##.....
.....#.P.P....÷P@P.P......####.##
####.#........Ph.PP.P.....##.....
...#.#....P.P.÷÷k....P....#......
...#.#.P........P..P..P...#......
...#.#.......P.P..P.P..#.........
...#.#....P......P.P.......######
...'.......P....P.P......#.......
...#.####.....P..P..)#[#.########
####.# #.P.P...P..P.#.#.........


You could see a rime drake (catching breath) and a wolf.

Vanquished Creatures
  Josephine (D:11)
  Harold (D:11)
  A hydra (D:11)
  Erolcha (D:10)
  2 boulder beetles
  A centaur warrior (D:10)
  An ogre mage (D:10)
  4 two-headed ogres
  A tengu warrior (D:9)
  A skeletal warrior (D:9)
  3 ugly things
  A deep elf pyromancer (D:10)
  2 cyclopes
  4 manticores
  Maurice (D:8)
  Joseph (D:7)
  A cane toad (D:10)
  2 freezing wraiths (D:9)
  An unseen horror (D:10)
  2 komodo dragons
  4 trolls
  A meliai (D:10)
  A hornet (D:9)
  5 slime creatures (D:11)
  A vampire (D:9)
  5 wraiths
  A shadow (D:10)
  2 wyverns (D:9)
  2 yaks
  A steam dragon (D:7)
  Eustachio (D:4)
  2 dancing weapons (D:9)
  4 wargs (D:10)
  5 water moccasins
  7 orc warriors
  2 ogres (D:4)
  5 black bears
  18 wolves
  2 centaurs
  2 phantoms (D:4)
  3 kobold brigands
  3 gnoll sergeants
  6 bullfrogs
  3 scorpions
  4 necrophages
  10 wights
  A killer bee (D:9)
  3 electric eels
  3 howler monkeys (D:9)
  3 crimson imps (D:6)
  3 hounds
  3 orc priests
  A jelly (D:4)
  3 gnoll shamans
  9 iguanas
  Terence (D:3)
  8 orc wizards
  Robin (D:3)
  17 gnolls
  6 adders
  2 shadow imps (D:7)
  An ufetubus (D:6)
  2 worms
  3 dart slugs
  32 orcs
  6 bats
  10 endoplasms
  3 giant cockroaches (D:4)
  14 goblins
  10 hobgoblins
  3 jackals (D:2)
  4 quokkas
  6 ball pythons
  3 frilled lizards
  20 kobolds
  5 rats
318 creatures vanquished.

Vanquished Creatures (collateral kills)
  An orc warrior (D:10)
  2 wights (D:6)
  A gnoll (D:9)
4 creatures vanquished.

Vanquished Creatures (others)
  6 dancing weapons
  38 fungi
  31 plants
75 creatures vanquished.

Grand Total: 397 creatures vanquished

Notes
Turn   | Place    | Note
-------+----------+-------------------------------------------
     0 | D:1      | MirrMurr the Spriggan Enchanter began the quest for the
                  | Orb.
     0 | D:1      | Reached XP level 1. HP: 9/9 MP: 5/5
   298 | D:1      | Reached XP level 2. HP: 10/13 MP: 6/6
   301 | D:1      | Learned a level 2 spell: Ensorcelled Hibernation
   442 | D:2      | Reached skill level 5 in Stealth
   587 | D:3      | Reached XP level 3. HP: 16/16 MP: 5/8
   591 | D:3      | Learned a level 3 spell: Confusing Touch
   622 | D:3      | Found an iron altar of Okawaru.
   623 | D:3      | Found a hide-covered altar of Uskayaw.
   665 | D:3      | Noticed Robin
  1054 | D:3      | Reached XP level 4. HP: 21/21 MP: 4/9
  1172 | D:4      | Noticed a scorpion
  1569 | D:4      | Killed a scorpion
  1570 | D:4      | Reached XP level 5. HP: 24/24 MP: 7/10
  1601 | D:5      | Entered Level 5 of the Dungeon
  1688 | D:4      | Noticed a phantom
  1760 | D:4      | Killed a phantom
  2069 | D:5      | Reached XP level 6. HP: 10/28 MP: 2/11
  2309 | D:5      | Reached skill level 5 in Short Blades
  2448 | D:4      | Learned a level 3 spell: Tukima's Dance
  2899 | D:4      | Reached skill level 5 in Hexes
  3024 | D:4      | Reached XP level 7. HP: 32/32 MP: 8/13
  3844 | D:7      | Found a staircase to the Ecumenical Temple.
  3867 | Temple   | Entered the Ecumenical Temple
  4431 | D:7      | Reached skill level 1 in Fighting
  4431 | D:7      | Reached XP level 8. HP: 19/37 MP: 11/15
  4979 | D:5      | Found a hazy altar of Hepliaklqana.
  5025 | D:5      | HP: 1/39 [gnoll sergeant/+0 spear (6)]
  5454 | D:6      | Found a white marble altar of Elyvilon.
  5495 | D:6      | Found a shimmering altar of Xom.
  5788 | D:6      | Reached skill level 5 in Dodging
  6438 | D:5      | Noticed Eustachio
  6590 | D:4      | Killed Eustachio
  6751 | D:7      | Noticed a two-headed ogre
  6766 | D:7      | Killed a two-headed ogre
  6767 | D:7      | Reached XP level 9. HP: 31/45 MP: 10/16
  6771 | D:7      | Learned a level 3 spell: Dazzling Flash
  6774 | D:7      | Learned a level 2 spell: Passwall
  6931 | D:7      | Found a shadowy altar of Dithmenos.
  6939 | D:7      | Became a worshipper of Dithmenos the Shadowed
  7865 | D:7      | Noticed Joseph
  7887 | D:7      | Killed Joseph
  7888 | D:7      | Reached skill level 10 in Stealth
  8717 | D:10     | Entered Level 10 of the Dungeon
  8789 | D:10     | Reached skill level 10 in Dodging
  8938 | D:9      | Reached * piety under Dithmenos
  9028 | D:9      | Reached XP level 10. HP: 49/49 MP: 10/17
  9590 | D:8      | Noticed Maurice
  9594 | D:8      | Killed Maurice
  9832 | D:1      | Found a faded altar of an unknown god.
 10489 | D:3      | Identified a scroll of acquirement
 10489 | D:3      | Acquired a +7 quick blade
 10515 | D:3      | Noticed Terence
 10519 | D:3      | Noticed Jessica
 10551 | D:3      | Killed Terence
 10586 | D:3      | Killed Robin
 10613 | D:3      | Reached ** piety under Dithmenos
 11820 | D:9      | Noticed a two-headed ogre
 11827 | D:9      | Killed a two-headed ogre
 11828 | D:9      | Reached skill level 1 in Shields
 11828 | D:9      | Reached skill level 1 in Invocations
 11930 | D:9      | Learned a level 2 spell: Blink
 11933 | D:9      | Noticed a manticore
 11936 | D:9      | Killed a manticore
 11953 | D:9      | Noticed a boulder beetle
 11955 | D:9      | Noticed a brown ugly thing
 11956 | D:9      | Killed a boulder beetle
 11957 | D:9      | Reached XP level 11. HP: 53/53 MP: 18/18
 11958 | D:9      | Killed a brown ugly thing
 11969 | D:9      | Noticed a tengu warrior
 11972 | D:9      | Killed a tengu warrior
 11973 | D:9      | Reached skill level 5 in Invocations
 12034 | D:9      | Noticed a two-headed ogre
 12036 | D:9      | Noticed a two-headed ogre
 12036 | D:9      | Noticed a skeletal warrior
 12102 | D:9      | Killed a two-headed ogre
 12324 | D:9      | Reached *** piety under Dithmenos
 13385 | D:9      | Killed a two-headed ogre
 13386 | D:9      | Reached skill level 5 in Shields
 13576 | D:9      | Killed a skeletal warrior
 14555 | D:10     | Found a staircase to the Lair.
 14670 | D:10     | Noticed a purple ugly thing
 14675 | D:10     | Killed a purple ugly thing
 14940 | D:10     | Noticed a purple ugly thing
 14940 | D:10     | Noticed a deep elf pyromancer
 14943 | D:10     | Killed a purple ugly thing
 14944 | D:10     | Noticed Erolcha
 14947 | D:10     | Noticed an ogre mage
 14948 | D:10     | Noticed a centaur warrior
 15173 | D:10     | Killed a deep elf pyromancer
 15174 | D:10     | Reached XP level 12. HP: 10/58 MP: 16/19
 15523 | D:10     | Killed a centaur warrior
 15771 | D:10     | Killed Erolcha
 16315 | D:10     | Killed an ogre mage
 16383 | D:11     | Noticed Josephine
 16392 | D:11     | Killed Josephine
 16429 | D:11     | Reached **** piety under Dithmenos
 16519 | D:11     | Reached skill level 10 in Invocations
 16597 | D:11     | Noticed a boulder beetle
 16606 | D:11     | Killed a boulder beetle
 16719 | D:11     | Noticed Harold
 16730 | D:11     | Killed Harold
 17002 | D:11     | HP: 1/58 [slime creature (10)]
 17554 | D:11     | Noticed a four-headed hydra
 17558 | D:11     | Killed a four-headed hydra
 17924 | Lair:1   | Entered Level 1 of the Lair of Beasts
 18439 | D:10     | Killed from afar by a rime drake

Illustrated notes

Levels and vault maps discovered:
D:1:      evilmike_arrival_fibonacci_small, layout_basic,
          ebering_ecumenical_altar_webs, minmay_tall_x
D:2:      layout_loops_ring, kennysheep_generic_room_8
D:3:      layout_loops_ring, gammafunk_temple_overflow_pools, kennysheep_path_1,
          uniq_terence, uniq_robin, uniq_jessica
D:4:      layout_loops_ring
D:5:      layout_basic, mainiacjoe_overflow_alcove_4, dreamdust_wishing_well,
          serial_park_tiny_2, uniq_eustachio
D:6:      layout_gridville, elyvilon_altar_3, led_xom_imps, chequers_mini_garden
D:7:      layout_loops_ring, mainiacjoe_overflow_tiny_flanked,
          minmay_temple_entry_waves, uniq_joseph
D:8:      layout_loops_ring, uniq_maurice
D:9:      hangedman_cross_veins, layout_long_grid, minivault_4
D:10:     minmay_curly_fans, layout_basic, due_lair_maze_entry_diamond,
          corexii_corridor_pit, nooodl_orcs_dogs, uniq_erolcha
D:11:     layout_gridville, nrook_pool_corridor, uniq_josephine, uniq_harold
Temple:   lightli_temple_of_artemis
Lair:1:   layout_layer_cave, gammafunk_ghost_cemetery, st_stairs_10,
          grunt_forest_large_clearings, lemuel_fruit_fields, uniq_nergalle,
          uniq_grum

Skill      XL: |  1  2  3  4  5  6  7  8  9 10 11 12 |
---------------+-------------------------------------+-----
Stealth        | 5 6 7 8 10 12 | 12.0
Short Blades   | 2 3 4 5 7 8 |  8.0
Spellcasting   | 3 4 |  4.9
Hexes          | 5 8 |  8.0
Dodging        | 3 8 10 12 | 12.0
Fighting       | 1 4 |  4.5
Shields        | 3 6 7 |  7.2
Invocations    | 4 8 12 | 12.0

Action                   |  1- 3 |  4- 6 |  7- 9 | 10-12 || total
-------------------------+-------+-------+-------+-------++-------
Melee: Dagger            |    52 |    79 |   325 |   502 ||   958
       Punch             |       |       |     7 |     3 ||    10
       Quick blade       |       |       |       |    11 ||    11
Throw: Stone             |       |       |     1 |     3 ||     4
 Cast: Ensorcelled Hiber |     4 |    37 |    75 |   118 ||   234
       Confusing Touch   |       |     2 |    16 |    25 ||    43
       Tukima's Dance    |       |       |    13 |    33 ||    46
  Use: Scroll            |       |    14 |    10 |    12 ||    36
       Potion            |       |       |     1 |       ||     1
 Stab: Sleeping          |    14 |    21 |    41 |    94 ||   170
       Confused          |       |       |     9 |    20 ||    29
       Invisible         |       |       |     4 |       ||     4
       Distracted        |       |       |       |     2 ||     2
Armor: Robe              |     1 |     1 |    21 |    18 ||    41
Dodge: Dodged            |    26 |    36 |   199 |   268 ||   529
Block: Other             |       |    12 |    57 |    13 ||    82
       Buckler           |       |       |       |   245 ||   245
       Reflection        |       |       |       |    13 ||    13

Table legend: (Time is in decaauts)
 A = Elapsed time spent in this place.
 B = Non-inter-level travel time spent in this place.
 C = Inter-level travel time spent in this place.
 D = Time resting spent in this place.
 E = Time spent auto-exploring this place.
 F = Levels seen in this place.
 G = Mean time per level.
                   A        B        C        D        E       F      G
               +--------+--------+--------+--------+--------+-----+--------+
         Total |  14559 |  13913 |    646 |   2270 |   8531 |  13 | 1119.9 |
       Dungeon |  14387 |  13741 |    646 |   2270 |   8440 |  11 | 1307.9 |
        Temple |     73 |     73 |      0 |      0 |     58 |   1 |   73.0 |
          Lair |     97 |     97 |      0 |      0 |     32 |   1 |   97.0 |
               +--------+--------+--------+--------+--------+-----+--------+

Top non-repeatable levels by time:
    D:10: 2391 daAuts
     D:4: 1956 daAuts
     D:9: 1869 daAuts
     D:8: 1463 daAuts
     D:7: 1463 daAuts
     D:3: 1194 daAuts
    D:11: 982 daAuts
     D:6: 958 daAuts
     D:5: 900 daAuts
     D:2: 668 daAuts
     D:1: 539 daAuts
  Lair:1: 97 daAuts
  Temple: 73 daAuts
